 Seeded DCSS version 0.30-b1-7-gcb88a99046 (webtiles) character file.

Game seed: 15768383452231016425 (custom seed)

375 AccursedSamuel the Ruffian (level 6, -7/53 HPs)
             Began as a Ghoul Monk on May 5, 2023.
             Was a Plaything of Xom.
             Engulfed by a cloud of flame (17 damage)
             ... on level 3 of the Dungeon.
             The game lasted 00:09:16 (2472 turns).

AccursedSamuel the Ruffian (Ghoul Monk)             Turns: 2472, Time: 00:09:20

Health: -7/53      AC:  7    Str: 17    XL:     6   Next: 72%
Magic:  5/5        EV: 10    Int:  5    God:    Xom [....*.]
Gold:   194        SH:  0    Dex: 11    Spells: 5/5 levels left

rFire   . .          .
                       - Unarmed
rCold   + . .        c - orb {light}
rNeg    + + +        j - +0 scale mail
rPois   ∞            f - +0 helmet
rElec   .            (no cloak)
rCorr   .            (no gloves)
SInv    .            (no boots)
Will    .....        h - amulet of faith Stlth
                     (no ring)
HPRegen 0.28/turn    (no ring)
MPRegen 0.09/turn

%: faith
@: about to teleport, glowing
A: claws 1, cold resistance 1, negative energy resistance 3, inhibited
regeneration, torment resistance 2, devour on kill
a: Renounce Religion


You were on level 3 of the Dungeon.
You worshipped Xom.
You were a beloved toy of Xom.
You visited 1 branch of the dungeon, and saw 3 of its levels.

You collected 194 gold pieces.

Inventory:

Hand Weapons
 q - a +1 falchion of electrocution
Armour
 a - a +0 robe
 c - an orb of light (worn)
 f - a +0 helmet (worn)
 j - a +0 scale mail (worn)
Jewellery
 h - an amulet of faith (around neck)
Wands
 b - a wand of iceblast (11)
 o - a wand of flame (21)
 p - a wand of paralysis (3)
 r - a wand of polymorph (5)
Scrolls
 e - a scroll of enchant weapon {unknown}
 i - 3 scrolls of identify
 m - a scroll of acquirement {unknown}
 n - a scroll of amnesia {unknown}
 u - a scroll of enchant armour {unknown}
Potions
 d - a potion of haste
 g - 3 potions of curing {unknown}
 k - 2 potions of resistance {unknown}
 l - a potion of lignification {unknown}
 s - a potion of mutation {unknown}


   Skills:
 + Level 4.3 Fighting
 + Level 1.9 Armour
 + Level 3.5 Dodging
 + Level 1.3 Stealth
 + Level 6.1 Unarmed Combat


You had 5 spell levels left.
You didn't know any spells.
Your spell library contained the following spells:

 Spells                   Type           Power      Damage    Failure   Level
 Slow                     Hex            0%         N/A       88%         1
 Summon Small Mammal      Summ           0%         N/A       88%         1
 Blink                    Tloc           0%         N/A       95%         2
 Lesser Beckoning         Tloc           0%         N/A       95%         2
 Momentum Strike          Conj/Tloc      0%         3d8       95%         2
 Scorch                   Fire           0%         2d5       95%         2
 Call Canine Familiar     Summ           0%         N/A       99%         3
 Confusing Touch          Hex            0%         N/A       99%         3
 Summon Guardian Golem    Hex/Summ       0%         N/A       99%         3
 Vampiric Draining        Necr           0%         2d6       99%         3
 Flame Wave               Conj/Fire      0%         2d4       100%        4
 Summon Cactus Giant      Summ           0%         N/A       100%        6


Dungeon Overview and Level Annotations

Branches:
Dungeon (3/15)

Altars:
Xom


Innate Abilities, Weirdness & Mutations

You are immune to poison.
You have sharp fingernails.
Your flesh is cold resistant. (rC+)
You are immune to negative energy. (rN+++)
You do not regenerate when monsters are visible.
You are immune to unholy pain and torment.
You thrive by killing the living.


Message History

An adder comes into view.
The adder hisses angrily.
Found a stone staircase leading down.
You barely miss the adder. The adder closely misses you.
You claw the adder!
The adder is severely wounded.
The adder bites you but does no damage. The adder closely misses you.
You scratch the adder.
You kill the adder!
You see here an adder corpse.
HP restored.
A kobold comes into view. It is wielding a +0 dagger.
Found a scroll of identify.
The kobold throws a stone.
The stone hits you but does no damage.
The kobold throws a stone.
The stone closely misses you. The kobold closely misses you.
You claw the kobold!
You kill the kobold!
Things that are here:
a +0 dagger; 3 stones
Found a book of Callings.
You pick up a book of Callings and begin reading...
You add the spells Summon Small Mammal, Call Canine Familiar and Summon Guardian Golem to your library.
i - 3 scrolls of identify (gained 1)
Things that are here:
a +0 dagger; a bat corpse; a goblin corpse
s - a fizzy pink potion Xom's generous nature manifests itself.
Something appears at your feet!
t - a scroll of teleportation You are now a beloved toy of Xom.
Really walk into a travel-excluded area?
Really walk into that cloud of flame?
You are engulfed in blazing flames.
u - a scroll labelled WAOVUH DUBING You are engulfed in blazing flames.
* * * LOW HITPOINT WARNING * * *
As you read the scroll of teleportation, it crumbles to dust.
You feel strangely unstable.
You are engulfed in blazing flames.
You die...

###########
#.........#
#.######...# #.#
#§°○# #.# #§§.# #.#
#.§○#
#.######...#####
#...§°§.[$$.°☼○.####
#...@°☼..$..§○○$...#
#.#.☼§§...$.○§§.##.##
######.######...#####
#... ##......## #.§○#
#### ##........#
#..§# # #.........#
#...# # #.........##
#...# # #..........#
##..# # #..........#
#..## #


There were no monsters in sight!

Vanquished Creatures
  Ijyb (D:3)
  Terence (D:3)
  Robin (D:3)
  5 adders
  A worm (D:2)
  A dart slug (D:3)
  5 orcs (D:3)
  6 ball pythons
  6 bats
  6 endoplasms
  3 giant cockroaches
  8 goblins
  7 hobgoblins
  A quokka (D:2)
  4 frilled lizards
  6 kobolds
  4 rats
66 creatures vanquished.

Vanquished Creatures (collateral kills)
  Sigmund (D:3)
  Jessica (D:3)
2 creatures vanquished.

Vanquished Creatures (others)
  5 fungi (D:2)
  5 plants (D:2)
10 creatures vanquished.

Grand Total: 78 creatures vanquished

Notes
Turn   | Place    | Note
-------+----------+-------------------------------------------
     0 | D:1      | AccursedSamuel the Ghoul Monk began the quest for the Orb.
     0 | D:1      | Reached XP level 1. HP: 19/19 MP: 0/0
   188 | D:1      | Reached XP level 2. HP: 18/26 MP: 1/1
   956 | D:2      | Found a faded altar of an unknown god.
  1026 | D:2      | Found a shimmering altar of Xom.
  1036 | D:2      | Reached XP level 3. HP: 33/33 MP: 2/2
  1044 | D:2      | Became a worshipper of Xom of Chaos
  1171 | D:2      | XOM: divination: magic mapping
  1266 | D:2      | Reached skill level 4 in Unarmed Combat
  1783 | D:3      | XOM: enchant monster (bad)
  1796 | D:3      | Reached XP level 4. HP: 38/40 MP: 3/3
  1878 | D:3      | Noticed Sigmund
  1880 | D:3      | XOM: enchant monster (good)
  1890 | D:3      | Noticed Jessica
  1897 | D:3      | XOM: cast spell 'Summon Ice Beast'
  1903 | D:3      | XOM: summons friendly white imp
  1905 | D:3      | Killed Jessica
  1910 | D:3      | Killed Sigmund
  1911 | D:3      | Reached skill level 1 in Armour
  1911 | D:3      | Reached skill level 1 in Stealth
  1911 | D:3      | Reached skill level 5 in Unarmed Combat
  1911 | D:3      | Reached XP level 5. HP: 30/46 MP: 4/4
  1911 | D:3      | Reached XP level 6. HP: 34/52 MP: 5/5
  1931 | D:3      | Noticed Ijyb
  1951 | D:3      | XOM: silly message
  1952 | D:3      | Killed Ijyb
  2145 | D:3      | Noticed Terence
  2163 | D:3      | Killed Terence
  2164 | D:3      | Reached skill level 6 in Unarmed Combat
  2164 | D:3      | Noticed Robin
  2184 | D:3      | XOM: potion effect (curing)
  2188 | D:3      | Killed Robin
  2248 | D:3      | XOM: divination: detect creatures
  2366 | D:3      | XOM: god gift: scroll of teleportation
  2472 | D:3      | Engulfed by a cloud of flame

Illustrated notes

Levels and vault maps discovered:
D:1:      elethiomel_arrival_shortcut, layout_basic
D:2:      layout_loops_ring, basic_altar,
          shapermc_ecumenical_altar_mp_urbaneastern, minmay_misc_feat_ornament
D:3:      layout_rooms, lemuel_flame_loot_1, uniq_terence, uniq_robin,
          uniq_ijyb, uniq_sigmund, uniq_jessica

Skill      XL: |  1  2  3  4  5  6 |
---------------+-------------------+-----
Dodging        | 3 |  3.5
Unarmed Combat | 4 5 6 |  6.1
Fighting       | 4 |  4.3
Armour         | 1 |  1.9
Stealth        | 1 |  1.3

Action                     |  1- 3 |  4- 6 || total
---------------------------+-------+-------++-------
  Melee: Unarmed           |   128 |    72 ||   200
    Use: Scroll            |     5 |     1 ||     6
         Potion            |       |     2 ||     2
 Armour: Robe              |     9 |       ||     9
         Scale mail        |    28 |    31 ||    59
  Dodge: Dodged            |    73 |    36 ||   109
